woodfighter, chaotic female sylph Ranger + + ######%### ## T### @ # -+--.--- |......| +....... |*.<...| |......| -------- woodfighter the Reconnoiteress Experience level: 10 Strength: 16 Dexterity: 14 Constitution: 16 Intelligence: 14 Wisdom: 13 Charisma: 7 Health: 0(72) Energy: 54(54) Def: 4 Gold: 0 Moves: 15302 Dungeon seed: SBaVf2R8Fay7zWci Game ID: woodfighter_1471701209 Your Inventory: Amulets F - an uncursed amulet of reflection (being worn) Weapons a - a +2 bow (weapon in hand) b - 35 +2 arrows (in quiver) c - 38 +0 arrows Armor n - a blessed fireproof +3 cloak of magic resistance (being worn) M - an uncursed +2 pair of leather gloves U - an uncursed +0 elven shield (being worn) Comestibles p - 2 uncursed cream pies w - an uncursed tripe ration C - 3 uncursed eucalyptus leaves Scrolls H - an uncursed scroll of remove curse I - a blessed scroll of create monster Wands T - a wand of digging (0:4) Tools k - an uncursed stethoscope m - a blessed oil lamp (0:1397) s - an uncursed bag of holding t - an uncursed towel y - an uncursed skeleton key z - a +0 unicorn horn G - a +0 unicorn horn S - a +0 unicorn horn W - a cursed magic lamp Gems e - an uncursed luckstone Contents of the bag of holding: 142 gold pieces a +0 bow an uncursed +0 mummy wrapping 3 uncursed scrolls of enchant weapon an uncursed scroll of genocide a blessed scroll of identify an uncursed spellbook of invisibility an uncursed potion of gain energy a wand of lightning (0:6) a +0 pick-axe Spells and supernatural/magical abilities: Name Level Category Fail Memory W - pray for help -- divine ? -- Your skills at the end: Miscellaneous Skills wands [Basic] Weapon Skills dagger [Basic] bow [Expert] Spellcasting Skills Final Attributes: You were fervently aligned. You were magic-protected. You saw invisible. You had automatic searching. You had infravision. You were displaced. You were stealthy. You were protected from shape changers. You had reflection. You were lucky. You had extra luck. Bad luck did not time out for you. Good luck did not time out for you. You are dead. Vanquished creatures: a blue dragon 2 vampire lords a lich a vampire a watch captain a winged gargoyle 3 giant mimics a fire giant a doppelganger a wumpus a long worm a warhorse 2 xans an ettin mummy a quantum mechanic 2 trolls a freezing sphere a flaming sphere 2 large cats a tengu 2 ochre jellies a chameleon a crocodile 3 leocrottas an energy vortex a mountain centaur 2 elf mummies a cobra 4 Grey-elves a soldier 4 watchmen a cockatrice 7 wolves 4 leprechauns 2 quivering blobs a mumak 3 giant spiders an iron piercer a black light 4 gnome kings 2 orc mummies a dwarf mummy a brown pudding a chickatrice 2 dogs a housecat 4 jaguars 4 dwarf lords 2 water nymphs a white unicorn 3 gray unicorns 3 dust vortices a raven a plains centaur 2 gnome mummies 3 human zombies a rope golem 7 soldier ants 3 fire ants 2 baby crocodiles 2 wood nymphs a rock piercer 4 ponies 2 yellow lights 3 shriekers 2 violet fungi 11 gnome lords 6 gnomish wizards 4 kobold mummies 2 red naga hatchlings a black naga hatchling 4 gray oozes 2 elf zombies a ghoul 2 straw golems 3 giant ants 2 little dogs 2 floating eyes a kitten 20 dwarves 3 kobold shamans 3 iguanas 3 rothes 2 rabid rats 2 giant bats 3 monkeys 3 orc zombies 4 dwarf zombies a wererat a werejackal a killer bee 7 coyotes 2 gas spores 5 hobbits 3 acid blobs a large kobold 8 geckos 2 hobgoblins 13 giant rats a cave spider 8 yellow molds 3 green molds 2 red molds 54 gnomes 4 manes 2 gnome zombies 7 jackals 2 foxes a kobold 17 newts 2 goblins 4 sewer rats 8 grid bugs 3 bats 9 lichens 5 kobold zombies 390 creatures vanquished. Voluntary challenges: You were vegetarian. You had followed a strict vegan diet until turn 2988. You had been an atheist until turn 3006. You used a wielded weapon 9 times, starting on turn 345. You did not apply a unicorn horn. You read items or engraved 5 times, starting on turn 6403. You never genocided any monsters. You never polymorphed an object. You never changed form. You completed Sokoban on turn 6050, according to the rules. You used 1 wish, starting on turn 8228. You did not wish for any artifacts. You never split a pudding. You never wrote Elbereth's name. You violated your moral code, losing 16 points of alignment, starting on turn 7726. Dungeon overview: The Dungeons of Doom: levels 1 to 12 Level 1 a fountain a long staircase Level 2 a fountain Level 3 a general store, a fountain stairs to The Gnomish Mines Level 4 a fountain, a sink Level 5 (vault) a scroll shop Level 6 a fountain Level 7 many fountains Level 8 stairs to Sokoban Level 9 some fountains Level 10 a scroll shop, a fountain Level 11 some fountains Level 12 <- You were here The Gnomish Mines: levels 4 to 12 Level 4 stairs to The Dungeons of Doom Level 5 Level 6 many shops, a temple to Mercury, a magic chest, some fountains Level 7 Level 8 Level 9 Level 10 Level 11 Level 12 a magic chest, some fountains Sokoban: levels 4 to 7 Level 4 a magic chest Level 5 Level 6 a fountain Level 7 a magic chest stairs to The Dungeons of Doom History has recorded: On T:1 you entered the Dungeons of Doom to retrieve the Amulet of Yendor! On T:131 you reached level 2 of The Dungeons of Doom. On T:495 you advanced to experience level 2. On T:871 you reached level 3 of The Dungeons of Doom. On T:913 you reached level 4 of The Dungeons of Doom. On T:1007 you reached level 1 of The Gnomish Mines. On T:1265 you advanced to experience level 3. On T:1372 you reached level 5 of The Dungeons of Doom. On T:1746 you advanced to experience level 4. On T:1900 you reached level 6 of The Dungeons of Doom. On T:2104 you advanced to experience level 5. On T:2180 you reached level 7 of The Dungeons of Doom. On T:2560 you reached level 8 of The Dungeons of Doom. On T:2848 you advanced to experience level 6. On T:2916 you reached level 9 of The Dungeons of Doom. On T:2974 you reached level 4 of Sokoban. On T:3263 you opened a magic chest. On T:3264 you opened a magic chest. On T:3555 you reached level 3 of Sokoban. On T:4235 you reached level 2 of Sokoban. On T:4780 you advanced to experience level 7. On T:4945 you reached level 1 of Sokoban. On T:6050 you advanced to experience level 8. On T:6050 you entered the Sokoban zoo. On T:6164 you opened a magic chest. On T:6166 you opened a magic chest. On T:6300 you opened a magic chest. On T:6667 you reached level 2 of The Gnomish Mines. On T:7052 you reached level 3 of The Gnomish Mines. On T:7435 you entered the Minetown temple On T:7703 you reached level 4 of The Gnomish Mines. On T:7765 you advanced to experience level 9. On T:7791 you opened a magic chest. On T:7792 you opened a magic chest. On T:7792 you opened a magic chest. On T:7827 you opened a magic chest. On T:7829 you opened a magic chest. On T:7903 you opened a magic chest. On T:7906 you opened a magic chest. On T:7913 you opened a magic chest. On T:8060 you opened a magic chest. On T:8061 you opened a magic chest. On T:8222 you opened a magic chest. On T:8223 you opened a magic chest. On T:8228 you wished for "+3 blessed greased fixed cloak of magic resistance". On T:8257 you opened a magic chest. On T:8366 you opened a magic chest. On T:8367 you opened a magic chest. On T:8377 you opened a magic chest. On T:8384 you opened a magic chest. On T:8578 you reached level 5 of The Gnomish Mines. On T:8909 you reached level 6 of The Gnomish Mines. On T:9472 you reached level 7 of The Gnomish Mines. On T:10199 you advanced to experience level 10. On T:10228 you reached level 8 of The Gnomish Mines. On T:10611 you reached level 9 of The Gnomish Mines. On T:10611 you reached the bottom of the Mines. On T:11925 you opened a magic chest. On T:11927 you opened a magic chest. On T:12587 you opened a magic chest. On T:12675 you opened a magic chest. On T:12676 you opened a magic chest. On T:12753 you opened a magic chest. On T:12754 you opened a magic chest. On T:12761 you opened a magic chest. On T:12763 you opened a magic chest. On T:13530 you reached level 10 of The Dungeons of Doom. On T:13788 you reached level 11 of The Dungeons of Doom. On T:14804 you reached level 12 of The Dungeons of Doom. Score breakdown: Gold: 142 ( 14 points) Experience: 10 levels ( 900 points) Exploration: 12 levels ( 330 points) Discoveries: 22 items ( 1100 points) Variety of kills: 116 monsters ( 2000 points) Major goal: Sokoban/Mines ( 1500 points) Survival: died (score multiplied by 3) Total score: 17532 Latest messages: The 1st arrow hits the invisible troll! The 2nd arrow hits the invisible troll! The 3rd arrow hits something! You kill the invisible troll! b - 8 +2 arrows (in quiver). H - a scroll labeled JUYED AWK YACC. I - a scroll labeled READ ME. You see here a troll corpse. b - 2 +2 arrows (in quiver). b - a +2 arrow (in quiver). The arrow hits the invisible troll! This door is locked. The arrow hits the invisible troll! The invisible troll claws you! (2x) The invisible troll bites! The arrow hits the invisible troll! The invisible troll claws you! (2x) The invisible troll bites! You shoot 2 arrows. The 1st arrow hits the invisible troll! The 2nd arrow hits the invisible troll! The invisible troll claws you! (2x) You die... Final status: Goodbye woodfighter the Ranger, killed by an invisible troll... You died in The Dungeons of Doom on dungeon level 12 with 17532 points, and 142 pieces of gold, after 15302 moves. You were level 10 with a maximum of 72 hit points when you died.